cohdb
Replays
Latest Replays
All Replays
Popular Replays
Top Player Replays
Match Explorer
How It Works
Community
CoH3 Stats
Reddit
Sign in to upload your games and track your stats! →
Sign in with Steam
Match 44781449
Unlisted
Match 44781449
Overview
Messages
Build Orders
End
Construct Section Command Post
Vickers Machine Gun Team
Selects Canadian Shock Battlegroup
Infantry Section
Infantry Section
Grenade Package
Selects Attacking Spirit
Selects Canadian Shock Section
Construct Platoon Command Post
Construct Field Infirmary
Selects Incendiary Munitions
Selects Pyrotechnics
Construct Company Command Post
Unlock Towed 17-pounder Anti-tank Guns
Unlock M3 Grant Medium Tanks
Selects Smoke Operation
M3 Grant Medium Tank
17-pounder Anti-tank Gun Team
Smoke Operation
M3 Grant Medium Tank
M3 Grant Medium Tank
Smoke Operation
M3 Grant Medium Tank
Selects Churchill Crocodile Heavy Tank
M3 Grant Medium Tank
Royal Engineer Section
17-pounder Anti-tank Gun Team
M3 Grant Medium Tank
CMP 15cwt Truck
M3 Grant Medium Tank
Armored Vehicle Training
M3 Grant Medium Tank
Royal Engineer Section
Royal Engineer Section
Royal Engineer Section
Sajmix
Serial Chiller
YOU CANT SEE ME
SeaOfTheEdge
Street_Jesus
Mangelmutant
JCCOP2
cocacola_man
0
0
Comments
sign in to comment!
No comments posted yet!